 Dungeon Crawl Stone Soup version 0.31-a0-95-g6fa058ef04 (webtiles) character file.

Game seed: 8948899141299669008

126 promet the Sneak (level 5, -2/32 HPs)
             Began as an Octopode Hedge Wizard on May 25, 2023.
             Slain by Natasha (5 damage)
             ... on level 3 of the Dungeon.
             The game lasted 00:12:38 (3880 turns).

promet the Sneak (Octopode Hedge Wizard)            Turns: 3880, Time: 00:12:41

Health: -2/32      AC:  1    Str: 16    XL:     5   Next: 9%
Magic:  7/10       EV: 13    Int: 18    God:
Gold:   136        SH:  0    Dex: 11    Spells: 5/11 levels left

rFire   . . .        a - +3 falchion (holy)
rCold   . . .        (no shield)
rNeg    . . .        k - +0 hat
rPois   .            (no amulet)
rElec   .            g - +6 ring of strength
rCorr   .            l - +4 ring of slaying
SInv    .            (no ring)
Will    .....        (no ring)
Stlth   +++          (no ring)
HPRegen 0.25/turn    (no ring)
MPRegen 0.12/turn    (no ring)
                     (no ring)

%: no passive effects
@: slowed, very slow
A: almost no armour, amphibious, 8 rings, camouflage 1, gelatinous body 1,
(nimble swimmer 1), tentacles
a: no special abilities


You were on level 3 of the Dungeon.
You visited 1 branch of the dungeon, and saw 3 of its levels.

You collected 136 gold pieces.

Inventory:

Hand Weapons
 a - a +3 falchion of holy wrath (weapon)
 b - a +0 spear
 h - a +0 flail
 i - a +0 dagger
 o - a +0 war axe
Missiles
 e - 24 stones
Armour
 k - a +0 hat (worn)
Jewellery
 g - a +6 ring of strength (left tentacle)
 l - a +4 ring of slaying (right tentacle)
Scrolls
 n - a scroll of teleportation
Potions
 c - a potion of magic
 d - 2 potions of might
 f - a potion of curing
 j - a potion of brilliance
 m - a potion of attraction


   Skills:
 + Level 0.3 Fighting
 + Level 0.1 Long Blades
 + Level 2.1 Axes
 + Level 2.5 Dodging
 + Level 3.7 Stealth
 + Level 3.7 Spellcasting
 + Level 1.5 Conjurations
 + Level 1.5 Summonings
 + Level 1.0 Translocations


You had 5 spell levels left.
You knew the following spells:

 Your Spells              Type           Power      Damage    Failure   Level
a - Magic Dart            Conj           32%        1d4       9%          1
b - Slow                  Hex            12%        N/A       16%         1
c - Blink                 Tloc           12%        N/A       16%         2
d - Call Imp              Summ           18%        N/A       12%         2

Your spell library contained the following spells:

 Spells                   Type           Power      Damage    Failure   Level
 Cigotuvi's Dreadful Rot  Necr/Pois/Air  2%         N/A       30%         2
 Gell's Gravitas          Tloc           6%         N/A       30%         3
 Teleport Other           Tloc           6%         N/A       30%         3
 Mephitic Cloud           Conj/Pois/Air  2%         N/A       43%         3
 Petrify                  Tmut/Erth      1%         N/A       88%         4
 Metabolic Englaciation   Hex/Ice        0%         N/A       99%         5
 Dispersal                Tloc           3%         N/A       100%        6
 Statue Form              Tmut/Erth      0%         N/A       100%        6


Dungeon Overview and Level Annotations

Branches:
Dungeon (3/15)

Altars:
Ashenzari

Annotations:
D:3 Natasha


Innate Abilities, Weirdness & Mutations

You cannot wear most types of armour.
You are amphibious.
You can wear up to eight rings at the same time.
Your skin changes colour to match your surroundings (Stealth+).
Your rubbery body absorbs attacks. (AC +1, EV +1)
((You are camouflaged when in or above water. (Stealth+)))
You have tentacles for arms and can constrict up to eight enemies at once.


Message History

Aim: Natasha (ally target, 100% to hit)
The magic dart hits Natasha.
Natasha is moderately wounded.
Natasha stares at you and mumbles some strange words.
You feel yourself slow down.
Casting: Magic Dart (safe; 9% risk of failure)
Confirm with . or Enter, or press ? or * to list all spells.
Aiming: Slow (safe; 16% risk of failure)
Press: ? - help, Shift-Dir - straight line, f/p - Natasha
Aim: Natasha (moderately wounded, ally target, chance to affect: 36%) Natasha seems to slow down.
Your cerulean imp misses Natasha.
Natasha claws you.
Your cerulean imp closely misses Natasha.
Natasha claws you!
Your cerulean imp barely misses Natasha.
You closely miss Natasha. Your grab misses Natasha.
Natasha is moderately wounded.
Natasha is no longer moving slowly.
Your cerulean imp hits Natasha from afar with a -4 spear.
Natasha claws you!
Your cerulean imp hits Natasha from afar with a -4 spear.
You closely miss Natasha. You grab Natasha.
Natasha is heavily wounded.
You constrict Natasha. Natasha claws you.
* * * LOW HITPOINT WARNING * * *
Your cerulean imp completely misses Natasha.
Natasha claws you.
* * * LOW HITPOINT WARNING * * *
Your cerulean imp barely misses Natasha.
You swap places.
You release your grip on Natasha.
Your cerulean imp barely misses Natasha.
Natasha claws you.
* * * LOW HITPOINT WARNING * * *
You hit Natasha. Your grab misses Natasha.
Natasha is almost dead.
The adder bites your cerulean imp.
Your cerulean imp hits the adder with a -4 spear.
The adder barely misses your cerulean imp.
Natasha claws you.
You die...

##...#...#####..........
#..............###.###.#
#†...#.#####.# #.#
#.#.##.## # #.#
#.#.##..# #.#
#######'####### #.#
##...##...##...## #.# #
#>.8..S58.'.)8.<# #.# #
##...##h@.##...## #.# #
#######'####### #.# #
##....##.## #.# #
#.....#...# #.# #
#÷..<.#.8.# #.#####
#.....#...# #......
###...##<## #######
#....#### # #.#### #


You could see Natasha, an adder (ally target) and a friendly cerulean imp
(summoned).

Vanquished Creatures
  A hound (D:3)
  2 adders
  A worm (D:2)
  2 dart slugs
  3 orcs
  4 ball pythons
  3 endoplasms
  3 giant cockroaches
  3 goblins
  3 hobgoblins
  4 quokkas
  5 bats
  4 frilled lizards
  3 kobolds
  6 rats
47 creatures vanquished.

Vanquished Creatures (collateral kills)
  2 adders (D:2)
  A ball python (D:2)
  A goblin (D:3)
4 creatures vanquished.

Grand Total: 51 creatures vanquished

Notes
Turn   | Place    | Note
-------+----------+-------------------------------------------
     0 | D:1      | promet the Octopode Hedge Wizard began the quest for the
                  | Orb.
     0 | D:1      | Reached XP level 1. HP: 11/11 MP: 4/4
   659 | D:1      | Reached XP level 2. HP: 17/17 MP: 6/6
   745 | D:1      | Learned a level 1 spell: Slow
   748 | D:1      | Learned a level 2 spell: Blink
   751 | D:1      | Learned a level 2 spell: Call Imp
  1551 | D:2      | Reached XP level 3. HP: 21/21 MP: 7/7
  1664 | D:2      | Reached skill level 1 in Axes
  2560 | D:1      | Reached XP level 4. HP: 6/27 MP: 3/9
  2994 | D:2      | Found a faded altar of an unknown god.
  3609 | D:3      | Found a broken altar of Ashenzari.
  3625 | D:3      | Reached XP level 5. HP: 31/31 MP: 8/10
  3872 | D:3      | Noticed Natasha
  3880 | D:3      | Slain by Natasha

Illustrated notes

Levels and vault maps discovered:
D:1:      giann_wishing_wells, layout_loops_cross
D:2:      layout_loops_ring, hellmonk_ecumenical_altar_defaced_shrine
D:3:      layout_loops_ring, nicolae_sif_muna_little_library,
          cheibrodos_ashenzari_chains, minmay_misc_feat_cross,
          grunt_ministairs_5, uniq_natasha

Skill      XL: |  1  2  3  4 |
---------------+-------------+-----
Stealth        | 3 |  3.7
Axes           | 1 2 |  2.1
Fighting       | |  0.3
Long Blades    | |  0.1
Dodging        | |  2.5
Spellcasting   | |  3.7
Conjurations   | |  1.5
Summonings     | |  1.5
Translocations | |  1.0

Action                     |  1- 3 |  4- 6 || total
---------------------------+-------+-------++-------
  Melee: War axe           |    40 |    11 ||    51
         Dagger            |     4 |       ||     4
         Constrict         |     9 |    10 ||    19
         Tentacles         |     8 |     4 ||    12
         Falchion          |       |    17 ||    17
         Spear             |       |     4 ||     4
   Cast: Magic Dart        |    18 |    11 ||    29
         Call Imp          |     6 |     5 ||    11
         Slow              |       |     1 ||     1
    Use: Scroll            |     6 |     3 ||     9
   Stab: Sleeping          |     7 |     5 ||    12
 Armour: Skin              |     1 |     1 ||     2
  Dodge: Dodged            |    36 |    12 ||    48

Table legend: (Time is in decaauts)
 A = Elapsed time spent in this place.
 B = Non-inter-level travel time spent in this place.
 C = Inter-level travel time spent in this place.
 D = Time resting spent in this place.
 E = Time spent auto-exploring this place.
 F = Levels seen in this place.
 G = Mean time per level.
                   A        B        C        D        E       F      G
               +--------+--------+--------+--------+--------+-----+--------+
         Total |   3906 |   3759 |    147 |   1666 |    990 |   3 | 1302.0 |
       Dungeon |   3906 |   3759 |    147 |   1666 |    990 |   3 | 1302.0 |
               +--------+--------+--------+--------+--------+-----+--------+

Top non-repeatable levels by time:
     D:2: 1612 daAuts
     D:1: 1495 daAuts
     D:3: 798 daAuts
